 Dungeon Crawl Stone Soup version 0.22.1-2-g9c5b331 (webtiles) character file.

4571 Haldmier the Frost Mage (level 10, -7/75 HPs)
             Began as a Merfolk Ice Elementalist on Nov 29, 2018.
             Was a Follower of Ashenzari.
             Mangled by a blink frog (17 damage)
             ... on level 9 of the Dungeon on Nov 30, 2018.
             The game lasted 00:50:47 (11278 turns).

Haldmier the Frost Mage (Merfolk Ice Elementalist) Turns: 11278, Time: 00:50:48

Health: -7/75      AC:  7    Str:  9    XL:     10   Next: 41%
Magic:  18/25      EV: 18    Int: 17    God:    Ashenzari [*.....]
Gold:   509        SH:  0    Dex: 19    Spells: 4/17 levels left

rFire    . . .     SeeInvis .   b - +6 hunting sling of Profit {freeze, rPois MP+9 Dex+4}
rCold    . . .     Gourm    +   (no shield)
rNeg     . . .     Faith    .   B - +2 robe {MR+}
rPois    +         Spirit   .   (no helmet)
rElec    .         Reflect  .   D - +2 cloak {MR+}
rCorr    .         Harm     .   (no gloves)
MR       ++...                  (no boots)
Stlth    +++.......             C - amulet of the gourmand
HPRegen  0.22/turn              (no ring)
MPRegen  0.19/turn              (no ring)

@: no status effects
A: change form in water, swift swim, stealthy swim
a: Curse Item, Scrying, Renounce Religion


You were on level 9 of the Dungeon.
You worshipped Ashenzari.
Ashenzari was aware of your devotion.
You were completely stuffed.

You visited 3 branches of the dungeon, and saw 11 of its levels.

You collected 564 gold pieces.
You spent 55 gold pieces at shops.

Inventory:

Hand Weapons
 a - a +3 flail of protection
 b - the +6 hunting sling of Profit (weapon) {freeze, rPois MP+9 Dex+4}
   (You found it on level 5 of the Dungeon)

   It causes projectiles fired from it to freeze those they strike, causing
   extra injury to most foes and up to half again as much damage against
   particularly susceptible opponents.
   They can also slow down cold-blooded creatures.
   It affects your dexterity (+4).
   It protects you from poison.
   It affects your magic capacity (+9).
 d - a +3 morningstar of freezing
 r - a +0 dagger of protection
 s - a +0 whip of venom
 E - a +0 spear
 J - a +2 scimitar of freezing
Missiles
 n - a throwing net
 o - 152 stones (quivered)
 w - 4 poisoned tomahawks
Armour
 e - the +4 scale mail "Ceexzas" {Regen+ Str+3 Int-3}
   (You found it on level 7 of the Dungeon)

   It affects your strength (+3).
   It affects your intelligence (-3).
   It increases your rate of regeneration.
 B - a +2 robe of magic resistance (worn)
 D - a +2 cloak of magic resistance (worn)
 I - the +3 ring mail of Midwinter {rC+ rCorr SInv}
   (You took it off an orc on level 9 of the Dungeon)

   It protects you from cold.
   It lets you see invisible.
   It provides partial protection from all sources of acid and corrosion.
Jewellery
 i - an uncursed amulet of rage
 z - an uncursed ring of fire
 C - an amulet of the gourmand (around neck)
Wands
 F - a wand of acid (4)
Scrolls
 f - 2 scrolls of amnesia
 h - 6 scrolls of remove curse
 k - 3 scrolls of identify
 q - 2 scrolls of enchant weapon
 x - 2 scrolls of fog
 y - 4 scrolls of teleportation
 H - a scroll of silence
 K - a scroll of blinking {unknown}
Potions
 g - 3 potions of haste
 j - a potion of resistance
 l - 2 potions of heal wounds
 m - 2 potions of mutation
 p - 2 potions of cancellation
 t - 3 potions of lignification
 u - a potion of agility
 v - a potion of curing
 A - 2 potions of brilliance
 G - a potion of might
Miscellaneous
 M - a lamp of fire
Comestibles
 c - 10 rations
 L - 5 chunks of flesh


   Skills:
 + Level 5.6 Fighting
 + Level 8.0 Dodging
 - Level 3.0 Stealth
 - Level 4.0 Spellcasting
 - Level 3.0 Conjurations
 - Level 5.0 Charms
 + Level 4.9 Summonings
 - Level 3.0 Necromancy
 * Level 9.4 Ice Magic


You had 4 spell levels left.
You knew the following spells:

 Your Spells              Type           Power        Failure   Level  Hunger
a - Freeze                Ice            ####         1%          1    None
b - Throw Frost           Conj/Ice       ###...       1%          2    ##.....
c - Ozocubu's Armour      Chrm/Ice       ####....     2%          3    ###....
d - Summon Ice Beast      Ice/Summ       ####....     9%          4    ####...
e - Regeneration          Chrm/Necr      ###.......   9%          3    ###....

Your spell library contained the following spells:

 Spells                   Type           Power        Failure   Level  Hunger
 Animate Skeleton         Necr           N/A          4%          1    None
 Pain                     Necr           ##..         4%          1    None
 Throw Icicle             Conj/Ice       ###.....     12%         4    ####...
 Vampiric Draining        Necr           ##........   14%         3    ###....
 Animate Dead             Necr           N/A          41%         4    ####...


Dungeon Overview and Level Annotations

Branches:
Dungeon (9/15)             Temple (1/1) D:5            Lair (1/6) D:9
    Orc: D:9-12

Altars:
Ashenzari
Cheibriados
Dithmenos
Elyvilon
Fedhas
Gozag
Hepliaklqana
Kikubaaqudgha
Makhleb
Nemelex Xobeh
Okawaru
Qazlal
Ru
Sif Muna
Trog
Uskayaw
Vehumet
Wu Jian
Xom
Yredelemnul
Zin
The Shining One

Shops:
D:4 !

Annotations:
D:4 Grinder
D:5 exclusion: statue, Sigmund
D:8 2 Hornets + Bees, exclusion: killer bee, Gastronok


Message History

There is a staircase to the Lair here.
Casting: Freeze (safe; 1% risk of failure)
Confirm with . or Enter, or press ? or * to list all spells.
Aiming: Freeze (safe; 1% risk of failure)
Press: ? - help, Shift-Dir - straight line, f - blink frog
Aim: a blink frog You freeze the blink frog.
The blink frog is moderately wounded.
The blink frog hits you but does no damage.
The blink frog hits you!
* * * LOW HITPOINT WARNING * * *
Casting: Freeze (safe; 1% risk of failure)
Confirm with . or Enter, or press ? or * to list all spells.
Aiming: Freeze (safe; 1% risk of failure)
Press: ? - help, Shift-Dir - straight line, f/p - blink frog
Aim: a blink frog (moderately wounded)
You freeze the blink frog.
The blink frog seems to slow down.
The blink frog is moderately wounded.
The blink frog hits you!
You die...

#.###...##
#.##....P##
#.#.....PP#
#.#...P^PP#
#....P.PPP#
#.....P.PP#
#....PP.PP#
##..PP..PP#
#..PP.@.P#
##..P.F.P#


#.PPPPPP# ##PPPPP## ####### You could see a blink frog.

Vanquished Creatures
  Maurice (D:9)
  A spiny frog (Lair:1)
  A komodo dragon (D:9)
  A hippogriff (Lair:1)
  A steam dragon (D:9)
  A water moccasin (Lair:1)
  2 ice beasts
  A sky beast (D:8)
  A phantom (D:7)
  A necrophage (D:9)
  5 ogres
  2 centaurs
  2 crocodiles (Lair:1)
  Blork the orc (D:4)
  A bullfrog (D:9)
  A wyvern zombie (D:7)
  2 scorpions
  9 wights
  4 howler monkeys
  3 crimson imps
  2 bullfrog zombies (D:7)
  A gnoll shaman (D:5)
  3 hounds
  3 orc priests
  3 jellies
  3 bullfrog skeletons
  A centaur skeleton (D:6)
  2 iguanas (D:5)
  9 orc wizards
  3 worker ants
  A hound zombie (D:3)
  A hound skeleton (D:9)
  A worker ant zombie (D:7)
  13 gnolls
  7 adders
  An ooze (D:1)
  A worm (D:4)
  A dart slug (D:1)
  3 leopard geckos
  28 orcs
  2 ball pythons
  6 bats
  4 giant cockroaches
  2 goblins (D:1)
  5 hobgoblins
  14 jackals
  A quokka (D:3)
  7 frilled lizards
  2 jackal skeletons
  4 kobolds
  A leopard gecko skeleton (D:5)
  A quokka skeleton (D:5)
  4 rats
  A plant (D:9)
182 creatures vanquished.

Vanquished Creatures (others)
  2 plants (D:9)
2 creatures vanquished.

Grand Total: 184 creatures vanquished

Notes
Turn   | Place    | Note
-------+----------+-------------------------------------------
     0 | D:1      | Haldmier the Merfolk Ice Elementalist began the quest for
                  | the Orb.
     0 | D:1      | Reached XP level 1. HP: 13/13 MP: 3/3
   312 | D:1      | Reached XP level 2. HP: 6/19 MP: 0/5
   557 | D:1      | Found a sparkling altar of Nemelex Xobeh.
   656 | D:1      | Learned a level 2 spell: Throw Frost
  1170 | D:2      | Reached XP level 3. HP: 24/24 MP: 3/6
  1328 | D:2      | Reached skill level 1 in Conjurations
  1793 | D:2      | Reached skill level 4 in Ice Magic
  1943 | D:2      | Reached XP level 4. HP: 26/30 MP: 2/7
  2097 | D:2      | You fall through a shaft for 2 floors!
  2152 | D:4      | Learned a level 3 spell: Ozocubu's Armour
  2561 | D:3      | Reached XP level 5. HP: 19/36 MP: 1/8
  3144 | D:3      | Found a shimmering altar of Xom.
  3172 | D:3      | Reached skill level 1 in Fighting
  3493 | D:3      | Found a glowing silver altar of Zin.
  3494 | D:3      | Found an opulent altar of Gozag.
  3893 | D:3      | Reached skill level 1 in Charms
  4229 | D:4      | Found Sezerroq's Distillery.
  4239 | D:4      | Bought a potion of heal wounds for 55 gold pieces
  4592 | D:4      | Found a snail-covered altar of Cheibriados.
  4612 | D:4      | Reached skill level 5 in Ice Magic
  4612 | D:4      | Reached XP level 6. HP: 42/43 MP: 4/10
  4665 | D:4      | Learned a level 4 spell: Summon Ice Beast
  4876 | D:4      | Noticed Blork the orc
  4904 | D:4      | Killed Blork the orc
  4950 | D:4      | Noticed Grinder
  4950 | D:4      | Paralysed by Grinder for 4 turns
  4957 | D:4      | Paralysed by Grinder for 6 turns
  4968 | D:4      | Paralysed by Grinder for 6 turns
  5246 | D:5      | Entered Level 5 of the Dungeon
  5250 | D:5      | Found a blossoming altar of Fedhas.
  5250 | D:5      | Found a glowing golden altar of the Shining One.
  5268 | D:5      | Found an iron altar of Okawaru.
  5423 | D:5      | Found a radiant altar of Vehumet.
  5609 | D:5      | Found a sacrificial altar of Ru.
  5694 | D:5      | Reached skill level 1 in Summonings
  5694 | D:5      | Reached XP level 7. HP: 38/50 MP: 0/11
  5888 | D:5      | Got an ichor-stained hunting sling
  5953 | D:5      | Identified the +6 hunting sling of Profit {freeze, rPois
                  | MP+9 Dex+4} (You found it on level 5 of the Dungeon)
  6070 | D:5      | Found a burning altar of Makhleb.
  6071 | D:5      | Found a hide-covered altar of Uskayaw.
  6074 | D:5      | Found a stormy altar of Qazlal.
  6090 | D:5      | Found a staircase to the Ecumenical Temple.
  6127 | Temple   | Entered the Ecumenical Temple
  6236 | Temple   | Became a worshipper of Ashenzari the Shackled
  6289 | D:5      | Noticed Sigmund
  6609 | D:5      | Found a shadowy altar of Dithmenos.
  6746 | D:5      | Reached skill level 6 in Ice Magic
  6753 | D:5      | Reached skill level 5 in Dodging
  6950 | D:6      | Reached XP level 8. HP: 57/57 MP: 13/13
  7333 | D:6      | Learned a level 3 spell: Regeneration
  8223 | D:7      | Found a sparkling altar of Nemelex Xobeh.
  8338 | D:7      | Reached skill level 7 in Ice Magic
  8554 | D:7      | Reached skill level 1 in Necromancy
  8692 | D:7      | Reached XP level 9. HP: 48/65 MP: 13/15
  8882 | D:7      | Got the uncursed scale mail "Ceexzas" {Regen+ Str+3 Int-3}
  9296 | D:8      | Reached * piety under Ashenzari
  9456 | D:8      | Noticed Gastronok
  9863 | D:8      | Noticed a hornet
  9863 | D:8      | Noticed a hornet
  9866 | D:8      | Noticed a hornet
  9868 | D:8      | Paralysed by a hornet for 2 turns
  9955 | D:9      | Identified the +4 scale mail "Ceexzas" {Regen+ Str+3 Int-3}
                  | (You found it on level 7 of the Dungeon)
 10018 | D:9      | Reached skill level 8 in Ice Magic
 10062 | D:9      | Noticed Maurice
 10164 | D:9      | Killed Maurice
 10325 | D:9      | Got the uncursed ring mail of Midwinter {rC+ rCorr SInv}
 10328 | D:9      | Reached XP level 10. HP: 70/73 MP: 16/16
 10336 | D:9      | Reached skill level 5 in Fighting
 10362 | D:9      | Reached skill level 5 in Charms
 10816 | D:9      | Found a staircase to the Lair.
 10845 | D:9      | Reached skill level 9 in Ice Magic
 10988 | Lair:1   | Entered Level 1 of the Lair of Beasts
 11143 | Lair:1   | Noticed a spiny frog
 11255 | Lair:1   | Killed a spiny frog
 11278 | D:9      | Mangled by a blink frog

Skill      XL: |  1  2  3  4  5  6  7  8  9 10 |
---------------+-------------------------------+-----
Dodging        | 3 4 5 6 7 8 |  8.0
Conjurations   | 1 2 3 |  3.0
Ice Magic      | 4 5 6 7 8 9 |  9.4
Stealth        | 3 |  3.0
Fighting       | 1 2 3 4 5 |  5.6
Charms         | 1 2 3 4 5 |  5.0
Spellcasting   | 3 4 |  4.0
Summonings     | 1 2 4 |  4.9
Necromancy     | 1 2 3 |  3.0

Action                   |  1- 3 |  4- 6 |  7- 9 | 10-12 || total
-------------------------+-------+-------+-------+-------++-------
Melee: Unarmed           |     4 |       |       |       ||     4
       Dagger            |       |    81 |       |       ||    81
       Whip              |       |    14 |       |       ||    14
       Flail             |       |     1 |    87 |    77 ||   165
 Fire: Hunting sling     |       |       |   214 |    27 ||   241
Throw: Stone             |       |     5 |       |     2 ||     7
 Cast: Freeze            |    52 |    83 |   104 |    35 ||   274
       Ozocubu's Armour  |       |     5 |    12 |     6 ||    23
       Throw Frost       |       |     5 |       |       ||     5
       Regeneration      |       |       |     7 |     5 ||    12
  Use: Scroll            |     1 |       |    17 |       ||    18
       Potion            |       |       |       |     1 ||     1
 Stab: Sleeping          |       |     5 |       |     2 ||     7
  Eat: Chunk             |     3 |    14 |    26 |     4 ||    47
Armor: Robe              |     3 |    24 |    66 |    24 ||   117
       Leather armour    |       |    19 |       |       ||    19
Dodge: Dodged            |    45 |   101 |   195 |    87 ||   428
